 Dungeon Crawl Stone Soup version 0.20-a0-463-g5747544 (webtiles) character file.

427 pib the Ruffian (level 6, 0/53 HPs)
             Began as a Draconian Transmuter on Jan 10, 2017.
             Slain by Eustachio
             ... wielding a +0 falchion
              (9 damage)
             ... on level 4 of the Dungeon.
             The game lasted 00:13:26 (4042 turns).

pib the Ruffian (Draconian Transmuter)              Turns: 4042, Time: 00:13:27

Health: 0/53       AC:  7    Str: 13    XL:     6   Next: 65%
Magic:  3/10       EV: 12    Int: 15    God:
Gold:   162        SH:  0    Dex: 11    Spells: 5/11 levels left

rFire  . . .     SeeInvis .       - Unarmed
rCold  . . .     Gourm    .     (armour unavailable)
rNeg   . . .     Faith    .     (no shield)
rPois  .         Spirit   .     (helmet restricted)
rElec  .         Reflect  .     i - +0 cloak
rCorr  .         Harm     .     (no gloves)
MR     .....                    (no boots)
Stlth  +.........               (no amulet)
                                (no ring)
                                (no ring)

@: appendage
A: unfitting armour, horns 2, cold-blooded, AC +6
a: End Transformation


You were on level 4 of the Dungeon.
You were not hungry.
You had grown temporary horns.
You visited 1 branch of the dungeon, and saw 4 of its levels.

You collected 162 gold pieces.

Inventory:

Hand Weapons
 w - a cursed -3 short sword
Missiles
 a - 14 arrows
Armour
 h - a +2 cloak
 i - a +0 cloak (worn)
Jewellery
 o - an uncursed amulet of guardian spirit {unknown}
Scrolls
 g - a scroll of identify
 n - 2 scrolls of amnesia
 q - a scroll of fear
 v - a scroll of random uselessness {unknown}
 y - a scroll of remove curse {unknown}
Potions
 d - a potion of agility {unknown}
 e - a potion of cancellation {unknown}
 k - a potion of might {unknown}
 l - a potion of flight {unknown}
 p - a potion of ambrosia {unknown}
 r - a potion of cure mutation {unknown}
 t - 2 potions of lignification {unknown}
 x - a potion of brilliance {unknown}
Books
 b - a book of Changes

   Spells                             Type                      Level
   a - Beastly Appendage              Transmutation                1
   b - Sticks to Snakes               Transmutation                2
   c - Spider Form                    Transmutation/Poison         3
   d - Ice Form                       Ice/Transmutation            4
   e - Blade Hands                    Transmutation                5
Comestibles
 c - 3 bread rations
 f - 2 slices of pizza
 j - 3 meat rations
 m - 6 fruits
 u - 3 chunks of flesh


   Skills:
 - Level 4.3 Fighting
 - Level 1.7 Dodging
 - Level 5.2 Unarmed Combat
 + Level 3.0 Spellcasting
 + Level 3.2 Transmutations


You had 5 spell levels left.
You knew the following spells:

 Your Spells              Type           Power        Failure   Level  Hunger
a - Beastly Appendage     Tmut           ##....       6%          1    #......
b - Sticks to Snakes      Tmut           ##......     10%         2    ##.....
c - Spider Form           Tmut/Pois      #.........   34%         3    ###....


Dungeon Overview and Level Annotations

Branches:
Dungeon (4/15)
 Temple: D:4-7

Altars:

Annotations:
D:3 Natasha
D:4 Eustachio


Innate Abilities, Weirdness & Mutations

Your plain brown scales are hard. (AC +6)
You cannot fit into any form of body armour.
You are cold-blooded and may be slowed by cold attacks.
You have a pair of horns on your head.


Message History

The river rat bites you.
* * * LOW HITPOINT WARNING * * *
Eustachio barely misses you.
You barely miss Eustachio. You tail-slap Eustachio.
Eustachio is almost dead.
The river rat bites you but does no damage.
Eustachio gestures wildly while chanting.
Eustachio blinks!
You barely miss Eustachio.
Eustachio is almost dead.
The river rat bites you.
* * * LOW HITPOINT WARNING * * *
Eustachio hits you but does no damage.
You barely miss Eustachio.
Eustachio is almost dead.
The white imp disappears in a puff of smoke!
The river rat bites you.
* * * LOW HITPOINT WARNING * * *
Eustachio hits you with a falchion!
You die...

##### ...[##########
###..>.......# #
#....#####.#########
###..#.# #..br@@...#
...<.#.# #########.#
..##.#.########...##.##
.#.#.#..........@.....#
#.##.#######@##...##..#
####.# #.###.###..# #
#.# #.# #.# #..# #
#.#######.# #.# #..#
####..@......# ..# #..#


You could see Eustachio, a river rat and a bat.

Vanquished Creatures
  3 orc priests
  4 orc wizards
  3 worker ants (D:4)
  4 adders
  2 worms (D:2)
  A dart slug (D:1)
  2 leopard geckos
  11 orcs
  A giant cockroach (D:1)
  3 goblins (D:2)
  8 hobgoblins
  4 jackals (D:4)
  5 kobolds
  3 quokkas
  7 bats
  A quokka skeleton (D:4)
  12 rats
74 creatures vanquished.

Vanquished Creatures (collateral kills)
  An orc priest (D:3)
  A worker ant (D:4)
  6 orcs
8 creatures vanquished.

Grand Total: 82 creatures vanquished

Notes
Turn   | Place    | Note
-------+----------+-------------------------------------------
     0 | D:1      | pib the Draconian Transmuter began the quest for the Orb.
     0 | D:1      | Reached XP level 1. HP: 16/16 MP: 3/3
   306 | D:1      | Reached XP level 2. HP: 17/24 MP: 5/5
   798 | D:2      | Reached XP level 3. HP: 29/30 MP: 4/6
   900 | D:2      | Learned a level 2 spell: Sticks to Snakes
  1271 | D:3      | Noticed Natasha
  1673 | D:3      | Reached XP level 4. HP: 28/38 MP: 7/7
  1804 | D:3      | Reached skill level 4 in Unarmed Combat
  2153 | D:4      | Reached XP level 5. HP: 20/46 MP: 8/8
  2903 | D:4      | Reached skill level 5 in Unarmed Combat
  2903 | D:4      | Reached XP level 6. HP: 44/53 MP: 9/9
  2907 | D:4      | Noticed Eustachio
  3943 | D:4      | Learned a level 3 spell: Spider Form
  4042 | D:4      | Slain by Eustachio

Vault maps used:
D:1:      mrwooster_arrival_statue_3, st_stairs_6
D:3:      serial_park_tiny_2, uniq_natasha
D:4:      minmay_misc_feat_x, uniq_eustachio

Skill      XL: |  1  2  3  4  5  6 |
---------------+-------------------+-----
Fighting       | 2 3 4 |  4.3
Unarmed Combat | 4 5 |  5.2
Transmutations | 3 |  3.2
Spellcasting   | 3 |  3.0
Dodging        | |  1.7

Action                   |  1- 3 |  4- 6 || total
-------------------------+-------+-------++-------
Melee: Unarmed           |   191 |   220 ||   411
       Tailslap          |    16 |    28 ||    44
       Punch             |     3 |     3 ||     6
       Headbutt          |     5 |     6 ||    11
       Kick              |     1 |     8 ||     9
 Cast: Beastly Appendage |     2 |    11 ||    13
       Sticks to Snakes  |       |    10 ||    10
  Use: Scroll            |       |     4 ||     4
       Potion            |       |     1 ||     1
 Stab: Sleeping          |     1 |     1 ||     2
  Eat: Chunk             |     3 |     8 ||    11
Armor: Skin              |    65 |    70 ||   135
Dodge: Dodged            |   138 |   156 ||   294
